 Dungeon Crawl Stone Soup version 0.19-a0-517-gd6a9987 (webtiles) character file.

583 ButterlyOfSin the Skirmisher (level 7, 0/72 HPs)
             Began as a Troll Chaos Knight on June 6, 2016.
             Slain by a porcupine (8 damage)
             ... on level 4 of the Dungeon.
             The game lasted 00:14:23 (3652 turns).

ButterlyOfSin the Skirmisher (Troll Chaos Knight)   Turns: 3652, Time: 00:14:24

Health: 0/72       AC:  7    Str: 23    XL:     7   Next: 14%
Magic:  6/6        EV: 10    Int:  8    God:    Xom [...*..]
Gold:   161        SH:  4    Dex:  9    Spells: 1 memorised, 4 levels left

rFire  . . .     SeeInvis .     a - +0 hand axe (chaos)
rCold  . . .     Gourm    +     b - +2 robe
rNeg   . . .     Faith    .     (no shield)
rPois  .         Spirit   .     (helmet restricted)
rElec  .         Dismiss  .     (no cloak)
rCorr  .         Reflect  +     (gloves unavailable)
SustAt .         Harm     .     (boots unavailable)
MR     +....                    k - +4 amulet of reflection
Stlth  +.........               s - ring of protection from magic
                                (no ring)

@: drained, somewhat resistant to hostile enchantments, very unstealthy
A: unfitting armour, claws 3, fast metabolism 3, gourmand, regeneration 2,
shaggy fur 1, tough skin 2
a: Renounce Religion


You were on level 4 of the Dungeon.
You worshipped Xom.
You were a favourite toy of Xom.
You were not hungry.

You visited 1 branch of the dungeon, and saw 4 of its levels.

You collected 161 gold pieces.

Inventory:

Hand Weapons
 a - a +0 hand axe of chaos (weapon)
Missiles
 x - 3 curare-tipped needles
Armour
 b - a +2 robe (worn)
 m - a cursed +0 pair of boots
Jewellery
 k - a +4 amulet of reflection (around neck)
 s - a ring of protection from magic (right claw)
Wands
 B - a wand of flame (17/48)
Scrolls
 e - a scroll of fear
 f - a scroll of enchant armour {unknown}
 h - 5 scrolls of remove curse
 l - 2 scrolls of teleportation
 o - 2 scrolls of identify {unknown}
 v - a scroll of enchant weapon {unknown}
 w - a scroll of magic mapping {unknown}
 y - a scroll of random uselessness {unknown}
 A - a scroll of fog {unknown}
Potions
 d - a potion of flight {unknown}
 g - 2 potions of curing {unknown}
 i - a potion of mutation {unknown}
 j - 2 potions of degeneration {unknown}
 n - a potion of resistance {unknown}
 r - a potion of lignification {unknown}
 u - a potion of agility {unknown}
 z - a potion of heal wounds {unknown}
 C - a potion of invisibility {unknown}
Books
 q - a book of Dreams

   Spells                             Type                      Level
   a - Ensorcelled Hibernation        Hexes/Ice                    2
   b - Silence                        Hexes/Air                    5
   c - Darkness                       Hexes                        6
   d - Shadow Creatures               Summoning                    6
Comestibles
 c - 3 bread rations
 p - 2 meat rations


   Skills:
 + Level 5.1(4.7) Fighting
 + Level 5.1(4.7) Axes
 - Level 1.9(1.5) Dodging


You had 4 spell levels left.
You knew the following spells:

 Your Spells              Type           Power        Failure   Level  Hunger
a - Ensorcelled Hibernat  Hex/Ice        #.....       69%         2    ###....


Dungeon Overview and Level Annotations

Branches:
Dungeon (4/15)             Temple (0/1) D:4

Altars:
Qazlal
Sif Muna
Trog
Xom


Innate Abilities, Weirdness & Mutations

You are too large for most types of armour.
You have claws for hands.
Your metabolism is lightning-fast.
You like to eat raw meat.
You heal very quickly.
You are covered in fur. (AC +1)
You have very tough skin. (AC +2)


Message History

Aim: a porcupine (moderately wounded)
The puff of flame misses the porcupine.
Evoking this partially-identified wand wasted a few charges.
The porcupine bites you!
* * * LOW HITPOINT WARNING * * *
Okay, then.
As you read the scroll labeled FUCKUE PITA, it crumbles to dust.
You feel strangely unstable.
It was a scroll of teleportation.
The porcupine bites you.
* * * LOW HITPOINT WARNING * * *
The porcupine bites you but does no damage.
You barely miss the porcupine.
The porcupine is moderately wounded.
The porcupine bites you but does no damage.
Your surroundings seem slightly different.
Xom is amused.
The porcupine closely misses you. The porcupine bites you!
You die...
Xom thinks this is hilarious!

#...#..#..#._..._..........#....#
#..##..##._....._..#.......#.#.#.
#......##...............##....###
.....##............._...##.......
........#.............(..........
....#.##...............##...#####
...#...#_#...#._...._..##......##
......####..#......#........#####
.......##_#.#.#.@r..##.....#.# #
...#..#####.##.......###..##.####
......# ##......##...##...####..
......## #......#..#...........##
.####..####....###...........####
.# ###.........##.#...##.....##
## ##.####.....#.....#.......## #
#..# ##.........._........# #
##..# ##....._.............


You could see a porcupine.

Vanquished Creatures
  An ogre (D:4)
  A phantom (D:4)
  A wolf (shapeshifter) (D:2)
  A howler monkey (D:4)
  2 hounds (D:4)
  A centaur skeleton (D:4)
  A hell rat (D:4)
  A worker ant (D:4)
  5 adders
  2 oozes
  An adder skeleton (D:4)
  2 worms
  7 dart slugs
  A giant gecko (D:2)
  7 orcs
  3 ball pythons
  A bat skeleton (D:2)
  A bat zombie (D:2)
  2 giant cockroaches
  4 goblins
  8 hobgoblins
  3 jackals (D:1)
  A ball python skeleton (D:2)
  6 bats
  4 giant newts
  11 kobolds
  A quokka skeleton (D:2)
  3 rats
82 creatures vanquished.

Vanquished Creatures (collateral kills)
  A goblin (D:3)
1 creature vanquished.

Grand Total: 83 creatures vanquished

Notes
Turn   | Place    | Note
--------------------------------------------------------------
     0 | D:1      | ButterlyOfSin the Troll Chaos Knight began the quest for the Orb.
     0 | D:1      | Reached XP level 1. HP: 22/22 MP: 0/0
    83 | D:1      | Reached XP level 2. HP: 10/29 MP: 1/1
   213 | D:1      | XOM: silly message
   434 | D:1      | Reached XP level 3. HP: 36/37 MP: 2/2
   523 | D:1      | XOM: harmless Tmut miscast
   551 | D:1      | XOM: harmless Pois miscast
   763 | D:1      | XOM: silly message
  1030 | D:2      | XOM: vitrification
  1080 | D:2      | Found a stormy altar of Qazlal.
  1081 | D:2      | XOM: noise
  1118 | D:2      | Noticed a wolf
  1118 | D:2      | a giant cockroach changed into a wolf
  1121 | D:2      | Killed a wolf
  1121 | D:2      | Reached XP level 4. HP: 48/48 MP: 3/3
  1122 | D:2      | Reached XP level 5. HP: 54/54 MP: 4/4
  1137 | D:2      | Found a bloodstained altar of Trog.
  1137 | D:2      | XOM: 5-stop teleportation journey
  1405 | D:2      | Found a deep blue altar of Sif Muna.
  1612 | D:3      | XOM: god gift: leatherbound book {god gift}
  1617 | D:3      | Learned a level 2 spell: Ensorcelled Hibernation
  1634 | D:3      | XOM: 3-stop teleportation journey
  1904 | D:3      | XOM: cast spell 'Ice Form'
  2248 | D:3      | XOM: vitrification
  2365 | D:4      | Noticed a phantom
  2367 | D:4      | XOM: noise
  2375 | D:4      | XOM: smoke on damage
  2390 | D:4      | Killed a phantom
  2390 | D:4      | Reached XP level 6. HP: 32/63 MP: 5/5
  2546 | D:4      | XOM: mild Air miscast
  2611 | D:4      | XOM: god gift: 3 curare-tipped needles
  2630 | D:4      | Found a staircase to the Ecumenical Temple.
  2679 | D:4      | Noticed an orc warrior
  2687 | D:4      | an orc warrior changed into a hell rat
  2687 | D:4      | XOM: polymorph orc warrior -> hell rat
  2706 | D:4      | Reached skill level 5 in Fighting
  2706 | D:4      | Reached skill level 5 in Axes
  2706 | D:4      | Reached XP level 7. HP: 54/72 MP: 6/6
  2952 | D:4      | XOM: scenery: create altars
  3026 | D:4      | XOM: cloud trail
  3039 | D:4      | XOM: harmless Chrm miscast
  3227 | D:4      | XOM: noise
  3627 | D:4      | XOM: scenery: create altars
  3642 | D:4      | HP: 2/72 [porcupine (3)]
  3652 | D:4      | Slain by a porcupine

Vault maps used:
D:1:      minmay_arrival_arboretum_small
D:2:      lemuel_blue_sif_altar, nicolae_overflow_crystal_walls, serial_undead,
          serial_undead_c, serial_undead_a, serial_undead_e, serial_undead_c,
          first_bread, grunt_qazlal_clouds
D:3:      serial_curves, eino_curves_04, eino_curves_04
D:4:      minmay_temple_entry_overgrown, minmay_ruptured

Skill      XL: |  1  2  3  4  5  6 |
---------------+-------------------+-----
Fighting       | 3 4 5 |  5.1
Axes           | 3 4 5 |  5.1
Dodging        | |  1.9

Action                   |  1- 3 |  4- 6 |  7- 9 || total
-------------------------+-------+-------+-------++-------
Melee: Hand axe          |   133 |   163 |    33 ||   329
       Unarmed           |       |     5 |       ||     5
Evoke: Wand              |       |       |     1 ||     1
  Use: Scroll            |       |     2 |     1 ||     3
 Stab: Paralysed         |     3 |       |       ||     3
       Confused          |     2 |       |       ||     2
       Petrifying        |       |     1 |       ||     1
       Sleeping          |       |     1 |       ||     1
  Eat: Chunk             |     5 |    21 |     3 ||    29
       Bread ration      |     1 |       |       ||     1
Armor: Robe              |    55 |    63 |    16 ||   134
       Skin              |       |     2 |       ||     2
Dodge: Dodged            |    70 |    81 |    16 ||   167
Block: Other             |       |    19 |     3 ||    22
